 Seeded DCSS version 0.28.0-1-gb440e238dd (webtiles) character file.

Game seed: 10844669733645250963 (custom seed)

322 hikkokomori the Bolt Thrower (level 6, -10/45 HPs)
             Began as a Formicid Hunter on Feb 25, 2022.
             Mangled by an ogre (28 damage)
             ... on level 4 of the Dungeon.
             The game lasted 00:07:25 (3070 turns).

hikkokomori the Bolt Thrower (Formicid Hunter)      Turns: 3070, Time: 00:07:26

Health: -10/45     AC:  9    Str: 19    XL:     6   Next: 76%
Magic:  6/6        EV: 11    Int: 10    God:
Gold:   132        SH:  0    Dex: 11    Spells: 5/5 levels left

rFire   . . .      SeeInvis +   l - +9 heavy crossbow "Sniper" {vorpal, Acc+∞ SInv}
rCold   + . .      Faith    .   (no shield)
rNeg    . . .      Spirit   .   j - +2 ring mail {rC+}
rPois   .          Reflect  .   (helmet unavailable)
rElec   .          Harm     .   (no cloak)
rCorr   .          Rampage  .   e - +0 pair of gloves
Will    +....                   o - +0 pair of boots
Stlth   +.........              (no amulet)
HPRegen 0.15/turn               f - ring of willpower
MPRegen 0.10/turn               (no ring)

@: no status effects
A: permanent stasis, dig shafts and tunnels, antennae 3, four strong arms
a: Dig, Shaft Self


You were on level 4 of the Dungeon.
You visited 1 branch of the dungeon, and saw 4 of its levels.

You collected 132 gold pieces.

Inventory:

Hand Weapons
 l - the +9 heavy crossbow "Sniper" (weapon) {vorpal, Acc+∞ SInv}
   (You found it on level 2 of the Dungeon)

   Any ammunition fired from it inflicts extra damage upon your enemies.
   Any ammunition fired from it never misses its target.
   SInv:      It lets you see invisible.
 p - a +0 flail
Missiles
 d - 5 bolts (quivered ammo)
Armour
 c - a +0 leather armour
 e - a +0 pair of gloves (worn)
 j - a +2 ring mail of cold resistance (worn)
 o - a +0 pair of boots (worn)
Jewellery
 f - a ring of willpower (left hand)
Scrolls
 a - a scroll of teleportation {unknown}
 g - a scroll of immolation
 k - a scroll of summoning
 m - 2 scrolls of enchant weapon
 q - a scroll of torment
Potions
 b - a potion of attraction
 h - 2 potions of curing
 i - a potion of mutation
 n - a potion of flight


   Skills:
 + Level 2.3 Fighting
 + Level 7.5 Crossbows
 - Level 1.7 Dodging
 - Level 1.2 Stealth


You had 5 spell levels left.
You didn't know any spells.
Your spell library contained the following spells:

 Spells                   Type           Power      Damage    Failure   Level
 Fireball                 Conj/Fire      0%         3d3       100%        5
 Iskenderun's Battlesphe  Conj           0%         2d6       100%        5
 Conjure Ball Lightning   Conj/Air       0%         3x3d6     100%        6
 Orb of Destruction       Conj           0%         9d5       100%        7


Dungeon Overview and Level Annotations

Branches:
Dungeon (4/15)
 Temple: D:4-7

Altars:


Innate Abilities, Weirdness & Mutations

You cannot be hasted, slowed, berserked, paralysed or teleported.
You can dig through walls and to a lower floor.
You have a pair of large antennae on your head. (SInv)
Your four strong arms can wield two-handed weapons with a shield.


Message History

You continue putting on your +0 pair of gloves. x4
You finish putting on your +0 pair of gloves.
You open the door.
An endoplasm comes into view.
The endoplasm quivers.
There is an open door here.
The endoplasm hits you but does no damage.
You barely miss the endoplasm. The endoplasm freezes you.
You are frozen.
You resist.
You thump the endoplasm!
You kill the endoplasm!
As you open the door, it creaks loudly!
There is an open door here.
You open the door.
There is an open door here.
You sense a monster nearby.
You open the door.
An ogre and a hobgoblin come into view.
The ogre shouts!
The hobgoblin shouts!
Found 5 gold pieces and 29 stones.
You open the door.
There is an open door here.
l - the +9 heavy crossbow "Sniper" (weapon)
{vorpal, Acc+∞ SInv}
There is an open door here.
Fire: 7 bolts
Press: ? - help, Q - select action, (/) - cycle Shift-Dir - straight line, f - hobgoblin
Aim: a hobgoblin (100% to hit)
You shoot a bolt. The bolt hits the hobgoblin!!
You kill the hobgoblin!
The ogre hits you with a +0 giant spiked club!!
Ouch! That really hurt!
Fire: 6 bolts
Press: ? - help, Q - select action, (/) - cycle Shift-Dir - straight line, f - ogre
Aim: an ogre, wielding a +0 giant spiked club (100% to hit)
You shoot a bolt. The bolt hits the ogre!
The ogre is moderately wounded.
The ogre hits you with a +0 giant spiked club!!
Ouch! That really hurt!
You die...

#.......# +...'.
###...#####...##
#.'...'.#.......
#+#.#####.#+#...#'
#.....#.....#...#. #
#.....+.....##'##. #.
#..[..#.....#...#.
#.###O#.#####.#'#...#+
...#@#.'...+.#.......
#.###.#.###...#####...##
#.......#.......#.+...+
#.###.#.#+#...#+#.#####
#.......#.#...#.....#
#.###.###.##'##.....+
#.....##.<#.....#
####..##..#'#.###
##.###..###.#)#.'.# #


You could see an ogre.

Vanquished Creatures
  Sigmund (D:3)
  A centaur skeleton (D:3)
  Robin (D:2)
  An adder (D:2)
  4 worms
  2 dart slugs
  5 orcs
  13 bats
  10 endoplasms
  5 giant cockroaches
  15 goblins
  8 hobgoblins
  2 quokkas (D:1)
  9 ball pythons
  3 frilled lizards (D:1)
  7 kobolds
  7 rats
94 creatures vanquished.

Vanquished Creatures (others)
  A goblin (D:2)
  24 plants
25 creatures vanquished.

Grand Total: 119 creatures vanquished

Notes
Turn   | Place    | Note
-------+----------+-------------------------------------------
     0 | D:1      | hikkokomori the Formicid Hunter began the quest for the
                  | Orb.
     0 | D:1      | Reached XP level 1. HP: 16/16 MP: 1/1
    59 | D:1      | Reached XP level 2. HP: 20/22 MP: 2/2
   344 | D:1      | Reached XP level 3. HP: 26/27 MP: 3/3
   423 | D:1      | Reached skill level 5 in Crossbows
   543 | D:1      | Found a faded altar of an unknown god.
   997 | D:2      | Reached XP level 4. HP: 33/33 MP: 4/4
  1073 | D:2      | Noticed Robin
  1098 | D:2      | Killed Robin
  1242 | D:2      | Found the +9 heavy crossbow "Sniper" {vorpal, Acc+∞ SInv}
  1397 | D:2      | Reached XP level 5. HP: 16/38 MP: 5/5
  1683 | D:2      | Reached skill level 6 in Crossbows
  2619 | D:3      | Noticed Sigmund
  2623 | D:3      | Killed Sigmund
  2624 | D:3      | Reached skill level 7 in Crossbows
  2624 | D:3      | Reached XP level 6. HP: 44/44 MP: 6/6
  3056 | D:4      | Noticed an ogre
  3070 | D:4      | Mangled by an ogre

Illustrated notes

Levels and vault maps discovered:
D:1:      dpeg_arrival_arbitrary_c, layout_basic,
          dreamdust_ecumenical_altar_grove
D:2:      layout_basic, uniq_robin
D:3:      wad_woods_pond, layout_rooms, roderic_batcave, uniq_sigmund
D:4:      nicolae_cairo_tiling_large, layout_loops_corners

Skill      XL: |  1  2  3  4  5 |
---------------+----------------+-----
Crossbows      | 5 7 |  7.5
Fighting       | |  2.3
Dodging        | |  1.7
Stealth        | |  1.2

Action                   |  1- 3 |  4- 6 || total
-------------------------+-------+-------++-------
Melee: Short sword       |    52 |   107 ||   159
       Punch             |       |     2 ||     2
       Flail             |       |    46 ||    46
 Fire: Hand crossbow     |    63 |       ||    63
       Heavy crossbow    |       |    17 ||    17
  Use: Scroll            |     3 |     5 ||     8
Armor: Leather armour    |    24 |       ||    24
       Ring mail         |    13 |    68 ||    81
Dodge: Dodged            |    53 |   116 ||   169
